 Dungeon Crawl Stone Soup version 0.30-a0-715-gdb4ae3ece1 (webtiles) character file.

Game seed: 6810576219827409332

2 Crownlay the Grave Robber (level 1, 0/13 HPs)
             Began as a Demonspawn Necromancer on Jan 23, 2023.
             Slain by an adder (4 damage)
             ... on level 2 of the Dungeon.
             The game lasted 00:00:51 (126 turns).

Crownlay the Grave Robber (Demonspawn Necromancer)   Turns: 126, Time: 00:00:52

Health: 0/13       AC:  3    Str:  8    XL:     1   Next: 33%
Magic:  0/3        EV: 12    Int: 16    God:
Gold:   3          SH:  0    Dex: 13    Spells: 3/4 levels left

rFire   . . .      SeeInvis .    (no weapon)
rCold   . . .      Faith    .    (no shield)
rNeg    . . .      Spirit   .    a - +0 robe
rPois   .          Reflect  .    (no helmet)
rElec   .          Harm     .    (no cloak)
rCorr   .          Rampage  .    (no gloves)
Will    .....                    f - +0 pair of boots
Stlth   ++                       (no amulet)
HPRegen 0.22/turn                (no ring)
MPRegen 0.08/turn                (no ring)

@: no status effects
A: no striking features
a: no special abilities


You were on level 2 of the Dungeon.
You visited 1 branch of the dungeon, and saw 2 of its levels.

You collected 3 gold pieces.

Inventory:

Armour
 a - a +0 robe (worn)
 f - a +0 pair of boots (worn)
Scrolls
 c - a scroll of fear {unknown}
 e - 3 scrolls of immolation {unknown}
Potions
 b - a potion of magic
 d - a potion of heal wounds {unknown}


   Skills:
 - Level 1.7 Dodging
 - Level 1.7 Stealth
 - Level 2.0 Spellcasting
 * Level 4.5 Necromancy


You had 3 spell levels left.
You knew the following spells:

 Your Spells              Type           Power      Damage    Failure   Level
a - Necrotise             Necr           64%        1d7       3%          1

Your spell library contained the following spells:

 Spells                   Type           Power      Damage    Failure   Level
 Vampiric Draining        Necr           16%        2d7       10%         3
 Animate Dead             Necr           16%        N/A       32%         4
 Agony                    Necr           16%        N/A       65%         5


Dungeon Overview and Level Annotations

Branches:
Dungeon (1/15)

Altars:


Message History

Your ball python skeleton crumbles into dust!
A sourceless malevolence fills the Dungeon...
You fall into a shaft and drop 1 floor!
The shaft crumbles and collapses.
Found 3 scrolls labelled LIMUAGHUKAD and a pair of boots.
e - 3 scrolls labelled LIMUAGHUKAD No target in view!
An adder comes into view.
You see here a +0 pair of boots.
f - a +0 pair of boots
Okay, then.
You start putting on your armour.
You continue putting on your +0 pair of boots. x4
You finish putting on your +0 pair of boots.
An adder is nearby!
The adder hisses angrily.
The adder barely resists.
The adder writhes in agony.
The adder closely misses you.
The adder writhes in agony.
The adder bites you.
You are poisoned.
The adder poisons you!
An adder is nearby!
You are out of magic!
You are out of magic!
The adder attacks as you move away! The adder bites you.
You feel sick. The adder barely misses you.
You feel sick.
Found a chain mail.
You feel sick.
You feel sick.
You are no longer poisoned.
The adder bites you but does no damage.
A ball python comes into view.
Found a dagger.
The adder barely misses you.
Casting: Necrotise (safe; 3% risk of failure)
Confirm with . or Enter, or press ? or * to list all spells.
Aiming: Necrotise (safe; 3% risk of failure)
Press: ? - help, Shift-Dir - straight line, f/p - adder
Aim: an adder (severely wounded, chance to affect: 80%)
The adder writhes in agony.
The adder bites you.
You die...

.... #.# .. .[..
..# .. ... #.# #.
##.####.#.#
#.##.... ..#.#
#......# #.#.## #.
#...###....###
#.###.......#.....
#.@S..........####
#.#######..#.## #.
#..#.# #S
####..#.# #.
###.......#
#)#.........####
#.#.#####......#
#.# #...##.# #.###
#


You could see an adder and a ball python (asleep).

Vanquished Creatures
  2 ball pythons (D:1)
  A rat (D:1)
3 creatures vanquished.

Notes
Turn   | Place    | Note
-------+----------+-------------------------------------------
     0 | D:1      | Crownlay the Demonspawn Necromancer began the quest for the
                  | Orb.
     0 | D:1      | Reached XP level 1. HP: 13/13 MP: 3/3
    95 | D:1      | You fall into a shaft and drop 1 floor!
   126 | D:2      | Slain by an adder

Illustrated notes

Levels and vault maps discovered:
D:1:      dpeg_arrival_long_road, layout_basic, serial_shops, shop,
          shapermc_ecumenical_altar_mp_urbaneastern, minmay_pentomino_q4
D:2:      layout_loops_ring

Action                     || total
---------------------------++-------
   Cast: Necrotise         ||     7
 Armour: Robe              ||     1
  Dodge: Dodged            ||     3

Table legend: (Time is in decaauts)
 A = Elapsed time spent in this place.
 B = Non-inter-level travel time spent in this place.
 C = Inter-level travel time spent in this place.
 D = Time resting spent in this place.
 E = Time spent auto-exploring this place.
 F = Levels seen in this place.
 G = Mean time per level.
                   A        B        C        D        E       F      G
               +--------+--------+--------+--------+--------+-----+--------+
         Total |    125 |    125 |      0 |      0 |     86 |   2 |   62.5 |
       Dungeon |    125 |    125 |      0 |      0 |     86 |   2 |   62.5 |
               +--------+--------+--------+--------+--------+-----+--------+

Top non-repeatable levels by time:
     D:1: 95 daAuts
     D:2: 30 daAuts
